 Dungeon Crawl Stone Soup version 0.19-a0-526-gbe2e51c (webtiles) character file.

25 ololoev the Magician (level 2, -7/15 HPs)
             Began as a Deep Elf Fire Elementalist on June 7, 2016.
             Mangled by an iguana (13 damage)
             ... on level 4 of the Dungeon.
             The game lasted 00:02:11 (397 turns).

ololoev the Magician (Deep Elf Fire Elementalist)    Turns: 397, Time: 00:02:11

Health: -7/15      AC:  2    Str:  5    XL:     2   Next: 86%
Magic:  2/8        EV: 13    Int: 19    God:
Gold:   22         SH:  0    Dex: 15    Spells: 1 memorised, 7 levels left

rFire  . . .     SeeInvis .     (no weapon)
rCold  . . .     Gourm    .     a - +0 robe
rNeg   . . .     Faith    .     (no shield)
rPois  .         Spirit   .     (no helmet)
rElec  .         Dismiss  .     (no cloak)
rCorr  .         Reflect  .     (no gloves)
SustAt .         Harm     .     (no boots)
MR     .....                    (no amulet)
Stlth  ++........               (no ring)
                                (no ring)

@: not resistant to hostile enchantments, unstealthy
A: no striking features
a: no special abilities

Inventory:

Armour
 a - a +0 robe (worn)
Scrolls
 d - 2 scrolls of teleportation {unknown}
 e - a scroll of remove curse {unknown}
 i - a scroll of enchant armour {unknown}
Potions
 g - a potion of curing {unknown}
 h - a potion of mutation {unknown}
Books
 b - a book of Flames

   Spells                             Type                      Level
   a - Flame Tongue                   Conjuration/Fire             1
   b - Throw Flame                    Conjuration/Fire             2
   c - Conjure Flame                  Conjuration/Fire             3
   d - Inner Flame                    Hexes/Fire                   3
   e - Sticky Flame                   Conjuration/Fire             4
   f - Fireball                       Conjuration/Fire             5
Comestibles
 c - a bread ration
 f - a beef jerky


   Skills:
 - Level 2.4 Dodging
 - Level 2.4 Stealth
 + Level 3.6 Spellcasting
 * Level 2.2 Conjurations
 + Level 3.5 Fire Magic


You had 7 spell levels left.
You knew the following spells:

 Your Spells              Type           Power        Failure   Level  Hunger
a - Flame Tongue          Conj/Fire      ##...        6%          1    None


You were on level 4 of the Dungeon.
You were not hungry.

You visited 1 branch of the dungeon, and saw 4 of its levels.

You collected 22 gold pieces.

## .. #. .## ## ..#
..#..##.###.#
##..........# #.#W #..
#@# #...###.# #l#
#......#####.#
#........##.#
#...#?...$..###
###.#....##.#...## #
.................#
$..###.##............#
#s...#...........#...

Notes
Turn   | Place    | Note
--------------------------------------------------------------
     0 | D:1      | ololoev the Deep Elf Fire Elementalist began the quest for the Orb.
     0 | D:1      | Reached XP level 1. HP: 10/10 MP: 6/6
   134 | D:2      | Reached XP level 2. HP: 13/15 MP: 0/8
   381 | D:4      | Noticed ololoev's ghost (weakling DEFE)
   397 | D:4      | Mangled by an iguana

Dungeon Overview and Level Annotations

Branches:
Dungeon (4/15)
 Temple: D:4-7

Altars:

Annotations:
D:4 ololoev's ghost, weakling DEFE


Message History

Found a stone staircase leading down.
There is a stone staircase leading down here.
You climb downwards.
An adder skeleton comes into view.
Found 6 tomahawks.
Found an escape hatch in the ceiling.
There is a stone staircase leading up here.
Casting: Flame Tongue
Confirm with . or Enter, or press ? or * to list all spells.
Aiming: Flame Tongue
Press: ? - help, Shift-Dir - straight line, f - adder skeleton
Aim: an adder skeleton The flame tongue hits the adder skeleton.
Casting: Flame Tongue
Confirm with . or Enter, or press ? or * to list all spells.
Aiming: Flame Tongue
Press: ? - help, Shift-Dir - straight line, f/p - adder skeleton
Aim: an adder skeleton The flame tongue hits the adder skeleton.
Casting: Flame Tongue
Confirm with . or Enter, or press ? or * to list all spells.
Aiming: Flame Tongue
Press: ? - help, Shift-Dir - straight line, f/p - adder skeleton
Aim: an adder skeleton The flame tongue hits the adder skeleton.
You destroy the adder skeleton!
An iguana and a giant cockroach come into view.
Found 12 stones, 10 gold pieces and a scroll labeled HUESMI YZXUOR.
Found a crooked lead wand and a scroll labeled MIBBUA NUYCH.
Found 33 stones.
Ololoev's ghost (weakling Deep Elf Fire Elementalist) comes into view.
It is wielding a weapon of freezing.
The iguana hisses angrily.
Found 15 gold pieces.
The giant cockroach misses you.
Casting: Flame Tongue
Confirm with . or Enter, or press ? or * to list all spells.
Aiming: Flame Tongue
Press: ? - help, Shift-Dir - straight line, f - giant cockroach
Aim: a giant cockroach (clinging)
The flame tongue hits the giant cockroach.
The giant cockroach is moderately wounded.
The giant cockroach bites you.
Casting: Flame Tongue
Confirm with . or Enter, or press ? or * to list all spells.
Aiming: Flame Tongue
Press: ? - help, Shift-Dir - straight line, f/p - giant cockroach
Aim: a giant cockroach (moderately wounded, clinging)
The flame tongue hits the giant cockroach.
You kill the giant cockroach!
Casting: Flame Tongue
Confirm with . or Enter, or press ? or * to list all spells.
Aiming: Flame Tongue
Press: ? - help, Shift-Dir - straight line, f - iguana
Aim: an iguana The flame tongue hits the iguana.
The iguana is lightly wounded.
The iguana bites you.
Casting: Flame Tongue
Confirm with . or Enter, or press ? or * to list all spells.
Aiming: Flame Tongue
Press: ? - help, Shift-Dir - straight line, f/p - iguana
Aim: an iguana (lightly wounded)
The flame tongue hits the iguana.
The iguana is moderately wounded.
The iguana bites you.
Casting: Flame Tongue
Confirm with . or Enter, or press ? or * to list all spells.
Aiming: Flame Tongue
Press: ? - help, Shift-Dir - straight line, f/p - iguana
Aim: an iguana (moderately wounded)
The flame tongue hits the iguana.
The iguana is moderately wounded.
The iguana barely misses you.
Casting: Flame Tongue
Confirm with . or Enter, or press ? or * to list all spells.
Aiming: Flame Tongue
Press: ? - help, Shift-Dir - straight line, f/p - iguana
Aim: an iguana (moderately wounded)
The flame tongue misses the iguana.
The iguana bites you!
Ouch! That really hurt!
You die...

You could see an iguana.

Vanquished Creatures
  An adder skeleton (D:4)
  A worm (D:2)
  An orc (D:3)
  3 bats (D:2)
  2 giant cockroaches
  6 goblins
  2 hobgoblins (D:1)
16 creatures vanquished.

Action                   || total
-------------------------++-------
Melee: Unarmed           ||     1
 Cast: Flame Tongue      ||    36
Armor: Robe              ||     1
Dodge: Dodged            ||    13

Vault maps used:
D:1:      lightli_arrival_chessboard, st_stairs_14
D:2:      st_stairs_10, grunt_dithmenos_smoke, uniq_terence, uniq_natasha,
          uniq_robin
D:4:      small_statue_intersection, minmay_misc_feat_diagonals,
          guppyfry_early_lair_pool
